 Dungeon Crawl Stone Soup version 0.27-a0-1579-g97d2440184 (webtiles) character file.

Game seed: 14302207879145060668

21 Zonian the Skirmisher (level 2, -1/16 HPs)
             Began as a Vine Stalker Fighter on July 17, 2021.
             Slain by a hobgoblin (2 damage)
             ... on level 1 of the Dungeon.
             The game lasted 00:01:21 (551 turns).

Zonian the Skirmisher (Vine Stalker Fighter)         Turns: 551, Time: 00:01:21

Health: -1/16      AC:  6    Str: 18    XL:     2   Next: 87%
Magic:  0/3        EV:  9    Int:  8    God:
Gold:   35         SH:  0    Dex: 13    Spells: 1/1 levels left

rFire    . . .     SeeInvis .   e - +0 dagger
rCold    . . .     Faith    .   (no shield)
rNeg     . . .     Spirit   +   b - +0 scale mail
rPois    .         Reflect  .   (no helmet)
rElec    .         Harm     .   (no cloak)
rCorr    .         Rampage  .   (no gloves)
Will     .....                  (no boots)
Stlth    ..........             f - amulet of magic regeneration
HPRegen  0.05/turn              (no ring)
MPRegen  0.33/turn              (no ring)

@: no status effects
A: fangs 2, magic shield, antimagic bite, no potion heal 2
a: no special abilities


You were on level 1 of the Dungeon.
You visited 1 branch of the dungeon, and saw 1 of its levels.

You collected 35 gold pieces.

Inventory:

Hand Weapons
 a - a +0 rapier
 e - a +0 dagger (weapon)
Armour
 b - a +0 scale mail (worn)
 c - a +0 kite shield
Jewellery
 f - an amulet of magic regeneration (around neck)
Potions
 d - 2 potions of might


   Skills:
 + Level 3.1 Fighting
 + Level 1.9 Short Blades
 - Level 2.5 Armour
 * Level 1.1 Stealth
 - Level 2.8 Shields


You had one spell level left.
You didn't know any spells.
Your spell library was empty.

Dungeon Overview and Level Annotations

Branches:
Dungeon (1/15)

Altars:

Shops:
D:1 (


Innate Abilities, Weirdness & Mutations

You have extremely sharp teeth.
When hurt, damage is shared between your health and your magic reserves.
Your bite disrupts and absorbs the magic of your enemies.
Potions cannot restore your health.


Message History

The kobold hits you with a +0 short sword.
You closely miss the kobold.
The kobold hits you with a +0 short sword.
You closely miss the kobold. The kobold hits you but does no damage.
You closely miss the kobold. Your bite misses the kobold. You hit the kobold.
Your bite misses the kobold.
The kobold is moderately wounded.
The kobold hits you but does no damage. The hobgoblin hits you.
You are too injured to fight recklessly!
You are too injured to fight recklessly!
You are too injured to fight recklessly!
You are too injured to fight recklessly!
Unknown command.
You hit the kobold but do no damage.
The kobold is moderately wounded.
The kobold hits you but does no damage.
You closely miss the kobold.
The kobold is moderately wounded.
The hobgoblin closely misses you.
The kobold hits you with a +0 short sword.
Unknown command.
You closely miss the kobold. Your bite misses the kobold.
The kobold is moderately wounded.
The hobgoblin hits you but does no damage.
The kobold hits you with a +0 short sword.
* * * LOW HITPOINT WARNING * * *
You hit the kobold but do no damage. Your bite misses the kobold.
The kobold is moderately wounded.
The hobgoblin barely misses you.
The kobold hits you with a +0 short sword.
* * * LOW HITPOINT WARNING * * *
Unknown command.
You see here a +0 robe.
You hit the kobold.
The kobold is severely wounded.
The hobgoblin hits you. The kobold hits you but does no damage.
You hit the kobold.
You kill the kobold!
The hobgoblin hits you.
You die...

#........###...............
#####....)#......##........
..........†.......?........
..#..#....).(...#..#.......
#...##..........##.......>.
#..........................
...........................
.........####.)..).........
#.......## ##).@g..#......
##......# #.....##.#####
##.....# #......#.#
##......## #........#
#........####.........#
......................#
†.....................#
##..##..........##....# ##
##..#..........#..# #.


You could see a hobgoblin.

Vanquished Creatures
  2 endoplasms (D:1)
  3 goblins (D:1)
  4 hobgoblins (D:1)
  3 kobolds (D:1)
  2 ball pythons (D:1)
  A bat (D:1)
  4 frilled lizards (D:1)
  A rat (D:1)
20 creatures vanquished.

Notes
Turn   | Place    | Note
-------+----------+-------------------------------------------
     0 | D:1      | Zonian the Vine Stalker Fighter began the quest for the
                  | Orb.
     0 | D:1      | Reached XP level 1. HP: 11/11 MP: 2/2
   151 | D:1      | Reached XP level 2. HP: 16/16 MP: 3/3
   403 | D:1      | Reached skill level 3 in Fighting
   524 | D:1      | Reached skill level 1 in Stealth
   537 | D:1      | Found Idiff's Weapon Emporium.
   551 | D:1      | Slain by a hobgoblin

Illustrated notes

Levels and vault maps discovered:
D:1:      dpeg_arrival_erosion, layout_rooms, serial_shops, shop,
          kennysheep_decorative_pillar, grunt_decor_junction,
          amcnicky_mini_corridor_feature

Skill      XL: |  1  2 |
---------------+-------+-----
Fighting       | 3 |  3.1
Stealth        | 1 |  1.1
Short Blades   | |  1.9
Armour         | |  2.5
Shields        | |  2.8

Action                   || total
-------------------------++-------
Melee: Rapier            ||    12
       Bite              ||    13
       Dagger            ||    42
  Use: Scroll            ||     2
Armor: Scale mail        ||    23
Dodge: Dodged            ||    16
Block: Kite shield       ||    10

Table legend: (Time is in decaauts)
 A = Elapsed time spent in this place.
 B = Non-inter-level travel time spent in this place.
 C = Inter-level travel time spent in this place.
 D = Time resting spent in this place.
 E = Time spent auto-exploring this place.
 F = Levels seen in this place.
 G = Mean time per level.
                   A        B        C        D        E       F      G
               +--------+--------+--------+--------+--------+-----+--------+
         Total |    551 |    551 |      0 |    127 |    278 |   1 |  551.0 |
       Dungeon |    551 |    551 |      0 |    127 |    278 |   1 |  551.0 |
               +--------+--------+--------+--------+--------+-----+--------+

Top non-repeatable levels by time:
     D:1: 551 daAuts
